 Dungeon Crawl Stone Soup version 0.25-a0-479-g8579842fd4 (webtiles) character file.

Game seed: 3555007823143846616, levelgen mode: deterministic

5277 Eurus the Thaumaturge (level 10, -4/73 HPs)
             Began as a Mummy Conjurer on Feb 9, 2020.
             Was a Follower of Ashenzari.
             Slain by a two-headed ogre
             ... wielding a +0 giant club
              (12 damage)
             ... on level 9 of the Dungeon.
             The game lasted 00:34:24 (13651 turns).

Eurus the Thaumaturge (Mummy Conjurer)             Turns: 13651, Time: 00:34:24

Health: -4/73      AC: 14    Str: 12    XL:     10   Next: 36%
Magic:  16/23      EV:  9    Int: 18    God:    Ashenzari [*.....]
Gold:   616        SH:  0    Dex: 12    Spells: 21/28 levels left

rFire    + . .     SeeInvis +   l - +4 quarterstaff (chaos)
rCold    + . .     Gourm    .   (shield currently unavailable)
rNeg     + + +     Faith    .   a - +1 scale mail {rF+}
rPois    ∞         Spirit   .   d - +0 helmet
rElec    .         Reflect  .   m - +1 cloak {rPois}
rCorr    .         Harm     .   f - +0 pair of gloves
MR       +....                  o - +0 pair of boots
Stlth    ..........             (no amulet)
HPRegen  0.22/turn              n - ring of protection from fire
MPRegen  0.18/turn              t - ring of see invisible

@: no status effects
A: no food or potions, fire vulnerability, cold resistance 1, negative energy
resistance 3, torment resistance, unbreathing
a: Curse Item, Scrying, Renounce Religion


You were on level 9 of the Dungeon.
You worshipped Ashenzari.
Ashenzari was aware of your devotion.
You were not hungry.

You visited 2 branches of the dungeon, and saw 10 of its levels.

You collected 616 gold pieces.

Inventory:

Hand Weapons
 l - a +4 quarterstaff of chaos (weapon)
Armour
 a - a +1 scale mail of fire resistance (worn)
 c - +0 ice dragon scales
 d - a +0 helmet (worn)
 f - a +0 pair of gloves (worn)
 m - a +1 cloak of poison resistance (worn)
 o - a +0 pair of boots (worn)
Jewellery
 n - a ring of protection from fire (left hand)
 t - a ring of see invisible (right hand)
 u - an uncursed ring of protection from cold
Wands
 p - a wand of iceblast (14)
 s - a wand of paralysis (5)
Scrolls
 b - a scroll of silence
 e - 5 scrolls of remove curse
 g - a scroll of fear
 h - a scroll of magic mapping
 i - a scroll of enchant weapon
 j - 5 scrolls of identify
 k - 5 scrolls of teleportation
 r - a scroll of amnesia


   Skills:
 + Level 4.6 Fighting
   Level 0.0 Short Blades
 + Level 4.9 Armour
 - Level 1.5 Dodging
 - Level 1.5 Stealth
 + Level 9.6 Spellcasting
 + Level 7.4 Conjurations
 + Level 6.1 Translocations


You had 21 spell levels left.
You knew the following spells:

 Your Spells              Type           Power        Failure   Level  Hunger
a - Magic Dart            Conj           ####         1%          1    N/A
b - Searing Ray           Conj           #####.       2%          2    N/A
c - Iskenderun's Mystic   Conj/Tloc      ####....     24%         4    N/A

Your spell library contained the following spells:

 Spells                   Type           Power        Failure   Level  Hunger
 Conjure Flame            Conj/Fire      ###.....     26%         3    N/A
 Dazzling Flash           Conj/Hex       ###...       26%         3    N/A
 Mephitic Cloud           Conj/Pois/Air  ###.....     38%         3    N/A
 Poisonous Vapours        Pois/Air       #.....       50%         2    N/A
 Fulminant Prism          Conj/Hex       ###.......   63%         4    N/A
 Iskenderun's Battlesphe  Conj/Chrm      ###.....     93%         5    N/A
 Bolt of Magma            Conj/Fire/Erth ###.......   98%         5    N/A
 Freezing Cloud           Conj/Ice/Air   ###.......   100%        6    N/A
 Iron Shot                Conj/Erth      ###.......   100%        6    N/A
 Orb of Destruction       Conj           #####.....   100%        7    N/A
 Ring of Flames           Chrm/Fire      #.........   100%        7    N/A
 Spellforged Servitor     Conj/Summ      ###.......   100%        7    N/A

Dungeon Overview and Level Annotations

Branches:
Dungeon (9/15)             Temple (1/1) D:4             Orc (0/2) D:9
   Lair: D:8-11

Altars:
Ashenzari
Cheibriados
Elyvilon
Fedhas
Gozag
Hepliaklqana
Kikubaaqudgha
Makhleb
Nemelex Xobeh
Okawaru
Qazlal
Ru
Sif Muna
Trog
Uskayaw
Vehumet
Yredelemnul

Annotations:
D:4 Eustachio
D:5 1 exclusion
D:8 exclusion: two-headed ogre


Innate Abilities, Weirdness & Mutations

You do not eat or drink.
Your flesh is vulnerable to fire.
You are immune to poison.
Your flesh is cold resistant. (rC+)
You are immune to negative energy. (rN+++)
You are immune to unholy pain and torment.
You can survive without breathing.


Message History

The two-headed ogre is severely wounded.
You finish channeling your searing ray.
The two-headed ogre hits you but does no damage.
The two-headed ogre hits you with a +0 giant club.
Casting: Searing Ray (safe; 2% risk of failure)
Confirm with . or Enter, or press ? or * to list all spells.
Aiming: Searing Ray (safe; 2% risk of failure)
Press: ? - help, Shift-Dir - straight line, f/p - two-headed ogre
Aim: a two-headed ogre, wielding two +0 giant clubs (severely wounded)
The searing ray hits the two-headed ogre.
The two-headed ogre is almost dead. (Press . to maintain the ray.)
The two-headed ogre hits you with a +0 giant club!!
The two-headed ogre hits you with a +0 giant club!
The searing ray hits the two-headed ogre.
The two-headed ogre is almost dead.
The two-headed ogre hits you with a +0 giant club!!
* * * LOW HITPOINT WARNING * * *
The two-headed ogre hits you with a +0 giant club!
You die...

####...# #.....##
####### #######
#.########.....####
(......@O.........####
##########...........#
######..###.. ##
##....## #.## #......#
...### #..##..##
#...#####O.# ##<.# ##
#....#....# ##.###.
#.......# #..#..


You could see a two-headed ogre.

Vanquished Creatures
  Pikel (D:9)
  2 hippogriffs
  A black bear (D:6)
  6 orc warriors
  3 ice beasts
  3 sky beasts
  A necrophage (D:8)
  A phantom (D:8)
  2 centaurs
  2 ogres (D:7)
  5 bullfrogs
  Blork the orc (D:6)
  A scorpion (D:5)
  A wyvern skeleton (D:7)
  14 killer bees
  6 howler monkeys
  3 crimson imps
  A centaur zombie (D:7)
  3 bullfrog zombies
  A bullfrog skeleton (D:5)
  6 hounds
  3 jellies
  5 orc wizards
  A gnoll shaman (D:2)
  2 orc priests
  Crazy Yiuf (D:2)
  Natasha (thrice) (D:3)
  An iguana (D:9)
  8 worker ants
  A worker ant zombie (D:2)
  Robin (D:3)
  7 gnolls
  9 adders
  A shadow imp (D:7)
  An ooze (D:4)
  2 adder skeletons
  An adder zombie (D:5)
  2 worms
  3 dart slugs
  5 leopard geckos
  28 orcs
  4 ball pythons
  6 bats
  6 giant cockroaches
  10 hobgoblins
  8 jackals
  11 kobolds
  3 quokkas
  8 frilled lizards
  12 goblins
  A jackal skeleton (D:6)
  A jackal zombie (D:7)
  A leopard gecko skeleton (D:6)
  A quokka zombie (D:8)
  12 rats
  A spectral orc (D:5)
234 creatures vanquished.

Vanquished Creatures (others)
  A slave (D:9)
  An adder (D:2)
  A goblin (D:2)
  A frilled lizard (D:2)
  A kobold (D:2)
  4 toadstools (D:6)
9 creatures vanquished.

Grand Total: 243 creatures vanquished

Notes
Turn   | Place    | Note
-------+----------+-------------------------------------------
     0 | D:1      | Eurus the Mummy Conjurer began the quest for the Orb.
     0 | D:1      | Reached XP level 1. HP: 13/13 MP: 4/4
   145 | D:1      | Reached skill level 3 in Spellcasting
   311 | D:1      | Reached XP level 2. HP: 19/19 MP: 0/6
  1345 | D:2      | Learned a level 2 spell: Searing Ray
  1408 | D:2      | Reached XP level 3. HP: 24/24 MP: 6/8
  1747 | D:2      | Found a blossoming altar of Fedhas.
  2091 | D:2      | Found a radiant altar of Vehumet.
  2274 | D:2      | Found a runed translucent door.
  2275 | D:2      | Noticed Crazy Yiuf
  2380 | D:2      | Reached skill level 1 in Fighting
  2380 | D:2      | Reached skill level 4 in Spellcasting
  2380 | D:2      | Reached XP level 4. HP: 32/32 MP: 7/10
  2386 | D:2      | Learned a level 4 spell: Iskenderun's Mystic Blast
  3212 | D:3      | Reached XP level 5. HP: 37/37 MP: 11/11
  3244 | D:3      | Noticed Natasha
  3248 | D:3      | Killed Natasha
  3389 | D:3      | Reached skill level 1 in Translocations
  3523 | D:3      | Noticed Natasha
  3533 | D:3      | Killed Natasha
  3633 | D:3      | Noticed Natasha
  3639 | D:3      | Killed Natasha
  4115 | D:2      | Killed Crazy Yiuf
  4464 | D:4      | Noticed Robin
  4483 | D:3      | Killed Robin
  4483 | D:3      | Reached XP level 6. HP: 41/45 MP: 8/13
  4538 | D:4      | Found a staircase to the Ecumenical Temple.
  4545 | Temple   | Entered the Ecumenical Temple
  4597 | Temple   | Became a worshipper of Ashenzari the Shackled
  4651 | D:4      | Noticed Eustachio
  4816 | D:4      | Found an iron altar of Okawaru.
  4835 | D:4      | Reached skill level 5 in Spellcasting
  5153 | D:4      | Found a burning altar of Makhleb.
  5575 | D:5      | Entered Level 5 of the Dungeon
  5687 | D:5      | Reached XP level 7. HP: 52/52 MP: 11/15
  5846 | D:5      | Reached skill level 5 in Conjurations
  6094 | D:5      | Found a shimmering blue altar of Sif Muna.
  6152 | D:5      | Reached skill level 6 in Spellcasting
  6401 | D:5      | Found a basalt altar of Yredelemnul.
  6480 | D:5      | Found an ancient bone altar of Kikubaaqudgha.
  6944 | D:6      | Reached XP level 8. HP: 52/60 MP: 5/17
  7256 | D:6      | Found a shimmering blue altar of Sif Muna.
  7288 | D:6      | Reached * piety under Ashenzari
  7338 | D:6      | Noticed Blork the orc
  7377 | D:6      | Killed Blork the orc
  7377 | D:6      | Reached skill level 1 in Armour
  7896 | D:7      | Reached skill level 7 in Spellcasting
  8705 | D:7      | Noticed a hippogriff
  8713 | D:7      | Killed a hippogriff
  8810 | D:7      | Found an iron altar of Okawaru.
  8880 | D:7      | Reached XP level 9. HP: 55/65 MP: 16/20
  9219 | D:7      | Reached skill level 8 in Spellcasting
  9564 | D:8      | Found a sparkling altar of Nemelex Xobeh.
  9789 | D:8      | Reached skill level 5 in Translocations
 10105 | D:8      | Found a hazy altar of Hepliaklqana.
 10216 | D:8      | Found a white marble altar of Elyvilon.
 11046 | D:9      | Found a stormy altar of Qazlal.
 11399 | D:9      | Noticed a two-headed ogre
 11473 | D:9      | Noticed a two-headed ogre
 11494 | D:8      | Reached skill level 9 in Spellcasting
 12018 | D:9      | Noticed Pikel
 12263 | D:9      | Reached XP level 10. HP: 45/71 MP: 16/23
 12964 | D:9      | Found a staircase to the Orcish Mines.
 13445 | D:9      | Killed Pikel
 13651 | D:9      | Slain by a two-headed ogre

Levels and vault maps discovered:
D:1:      dpeg_arrival_castle, layout_basic, serial_glass, glass_columns_b,
          glass_columns_a
D:2:      layout_loops_ring, fedhas_altar_2, fiery_altar_vehumet,
          uniq_crazy_yiuf_cottage
D:3:      layout_loops_ring, grunt_decor_arrowhead, uniq_natasha
D:4:      layout_loops_ring, lemuel_round_altar, nicolae_overflow_crystal_walls,
          uniq_eustachio, uniq_robin
D:5:      layout_rooms, lemuel_blue_sif_altar,
          yredelemnul_forgotten_temple_becter, kennysheep_little_box,
          first_ration, kennysheep_big_empty_room, kennysheep_small_circle
D:6:      layout_gridville, basic_altar, minmay_gold_behind_fungi,
          serial_bayou_crossing, uniq_blork_the_orc
D:7:      layout_basic, basic_altar, kennysheep_generic_room_3
D:8:      layout_loops_cross, old_standard_altar, elyvilon_altar_5,
          old_standard_altar, minivault_26
D:9:      layout_layer_cave, grunt_qazlal_clouds, david_orc_2, uniq_pikel
Temple:   jpeg_temple_clearing

Skill      XL: |  1  2  3  4  5  6  7  8  9 10 |
---------------+-------------------------------+-----
Spellcasting   | 3 4 5 6 7 9 |  9.6
Conjurations   | 4 5 6 7 |  7.4
Fighting       | 1 2 3 4 |  4.6
Translocations | 1 2 3 4 5 6 |  6.1
Armour         | 2 4 |  4.9
Dodging        | |  1.5
Stealth        | |  1.5

Action                   |  1- 3 |  4- 6 |  7- 9 | 10-12 || total
-------------------------+-------+-------+-------+-------++-------
Melee: Unarmed           |     8 |       |       |       ||     8
       Club              |    24 |       |       |       ||    24
       Dagger            |    36 |    37 |       |       ||    73
       Quarterstaff      |       |    27 |    72 |     4 ||   103
 Cast: Magic Dart        |    60 |    41 |    62 |     7 ||   170
       Searing Ray       |     3 |    22 |    83 |    21 ||   129
       Iskenderun's Myst |       |       |     1 |       ||     1
  Use: Scroll            |       |       |    12 |       ||    12
 Stab: Sleeping          |     2 |       |     1 |       ||     3
Armor: Robe              |    15 |    14 |    46 |       ||    75
       Leather armour    |       |       |    19 |     7 ||    26
       Scale mail        |       |       |       |    10 ||    10
Dodge: Dodged            |    53 |    72 |   206 |    16 ||   347

Table legend:
 A = Non-vault XP
 B = Vault XP
 C = Vault XP percentage of total XP
 D = Non-vault monster count
 E = Vault monster count
 F = Vault count percentage of total count
                 A         B        C        D         E       F
            +---------+---------+-------+---------+---------+-------
      Total |    6042 |    1497 |  19.9 |     208 |      26 |  11.1
            +---------+---------+-------+---------+---------+-------
        D:1 |      36 |       0 |   0.0 |      22 |       0 |   0.0
        D:2 |     137 |      39 |  22.2 |      25 |       1 |   3.8
        D:3 |     122 |      51 |  29.5 |      26 |       3 |  10.3
        D:4 |     226 |      19 |   7.8 |      18 |      10 |  35.7
        D:5 |     661 |      73 |   9.9 |      14 |       2 |  12.5
        D:6 |     766 |      91 |  10.6 |      22 |       1 |   4.3
        D:7 |    1318 |      15 |   1.1 |      27 |       1 |   3.6
        D:8 |    1252 |     136 |   9.8 |      27 |       1 |   3.6
        D:9 |    1524 |    1073 |  41.3 |      27 |       7 |  20.6
            +---------+---------+-------+---------+---------+-------
